 Dungeon Sprint DCSS version 0.28-a0-1616-g050a50673c (webtiles) character file.

Game seed: 5124393295464475321

1234 mhtbhm the Spear-Bearer (level 8, -13/83 HPs)
             Began as a Yellow Draconian Berserker on Jan 22, 2022.
             Was an Elder of Trog.
             Mangled by a shadow (28 damage)
             ... in the Dungeon (Sprint IX: "|||||||||||||||||||||||||||||").
             The game lasted 00:00:36 (263 turns).

mhtbhm the Spear-Bearer (Yellow Draconian Berserker) Turns: 263, Time: 00:00:37

Health: -13/83     AC: 14    Str: 22    XL:     8   Next: 24%
Magic:  8/8        EV: 18    Int:  7    God:    Trog [****..]
Gold:   0          SH:  0    Dex: 14    Spells: 7/7 levels left

rFire   . . .      SeeInvis .   a - +2 halberd (protect)
rCold   . . .      Faith    .   (shield currently unavailable)
rNeg    . . .      Spirit   .   (armour unavailable)
rPois   .          Reflect  .   (helmet restricted)
rElec   .          Harm     .   (no cloak)
rCorr   +          Rampage  .   (no gloves)
Will    .....      NoTele   +   j - +0 pair of boots
Stlth   ++........              (no amulet)
HPRegen 0.23/turn               k - +2 ring of evasion
MPRegen 0.11/turn               l - +3 ring of dexterity

@: short of breath, under a protective aura, on berserk cooldown, slowed, very
slow
A: spit acid, AC +6, unfitting armour, cold-blooded, acid resistance
a: Breathe Acid, Renounce Religion, Berserk, Trog's Hand, Brothers in Arms


You were in the Dungeon.
You worshipped Trog.
Trog was greatly pleased with you.
You visited 1 branch

Inventory:

Hand Weapons
 a - a +2 halberd of protection (weapon)
Armour
 j - a +0 pair of boots (worn)
Jewellery
 k - a +2 ring of evasion (left hand)
 l - a +3 ring of dexterity (right hand)
Wands
 i - a wand of iceblast (10)
Scrolls
 g - 2 scrolls of blinking
Potions
 b - 5 potions of curing
 c - 3 potions of heal wounds
 d - a potion of haste
 e - 4 potions of magic
 f - a potion of berserk rage
 h - a potion of invisibility


   Skills:
 + Level 11.8 Fighting
 + Level 12.2 Polearms
 + Level 9.0 Dodging
 + Level 1.3 Stealth


You had 7 spell levels left.
You didn't know any spells.
Your spell library was empty.

Dungeon Overview and Level Annotations

Branches:
Dungeon (1/1)

Altars:
Cheibriados
Dithmenos
Elyvilon
Fedhas
Gozag
Hepliaklqana
Kikubaaqudgha
Makhleb
Nemelex Xobeh
Okawaru
Qazlal
Ru
Sif Muna
Trog
Uskayaw
Vehumet
Wu Jian
Xom
Yredelemnul
Zin
The Shining One
Beogh
Jiyva
Lugonu


Innate Abilities, Weirdness & Mutations

You can spit globs of acid.
Your golden yellow scales are hard. (AC +6)
You cannot fit into any form of body armour.
You are cold-blooded and may be slowed by cold attacks.
You are resistant to acid. (rCorr)


Message History

The troll is heavily wounded.
The shadow slips into darkness.
The shadow flickers and vanishes!
The troll bites you. The troll barely misses you. x2
You slash the troll!
The troll is severely wounded.
You slice the troll!!
You kill the troll!
Trog accepts your kill.
The troll leather armour is intact enough to wear.
Your Polearms skill increases to level 12!
Your Dodging skill increases to level 9!
No target in view!
No target in view!
No target in view!
No target in view!
No target in view!
No target in view!
No target in view!
No target in view!
No target in view!
No target in view!
You are no longer berserk.
You are exhausted.
You feel yourself slow down.
The shadow strikes at you from the darkness!
* * * LOW HITPOINT WARNING * * *
Reactivating autopickup.
There is an open door to the Dungeon, spattered with blood here.
Items here: )) [ †††.
Press: ? - help, Shift-Dir - straight line, f - shadow
Aim: a shadow (64% to hit)
You spit a glob of acid.
The glob of acid hits the shadow!!
The acid splashes onto something!
The acid corrodes something!
The shadow is almost destroyed.
The shadow slips into darkness.
The shadow flickers and vanishes!
Deactivating autopickup; reactivate with Ctrl-A.
The shadow strikes at you from the darkness!
You die... ▓▓▓▓▓▓▓▓▓▓▓▓▓▓▓▓▓▓▓▓▓▓▓▓ ______'.?).[.[..@{.....+ ▓▓▓▓▓▓▓▓▓▓▓▓▓▓▓▓▓▓▓▓▓▓▓▓

There were no monsters in sight!

Vanquished Creatures
  A two-headed ogre (D)
  A komodo dragon (D)
  A troll (D)
  A wyvern (D)
  An iguana (D)
  An adder (D)
  A bat zombie (D)
  4 goblins (D)
  2 quokkas (D)
  A ball python (D)
14 creatures vanquished.

Notes
Turn   | Place    | Note
-------+----------+-------------------------------------------
     0 | D        | mhtbhm the Draconian Berserker began the quest for the Orb.
     0 | D        | Reached XP level 1. HP: 19/19 MP: 1/1
     9 | D        | Reached ** piety under Trog
    58 | D        | Noticed an iguana
    66 | D        | Reached *** piety under Trog
    67 | D        | Reached XP level 2. HP: 27/27 MP: 2/2
    70 | D        | Reached skill level 5 in Fighting
    70 | D        | Reached skill level 4 in Polearms
    70 | D        | Reached XP level 3. HP: 36/36 MP: 3/3
    79 | D        | Reached skill level 5 in Polearms
    86 | D        | Found a snail-covered altar of Cheibriados.
    86 | D        | Found a shadowy altar of Dithmenos.
    86 | D        | Found a white marble altar of Elyvilon.
    86 | D        | Found a blossoming altar of Fedhas.
    86 | D        | Found an opulent altar of Gozag.
    87 | D        | Found a hazy altar of Hepliaklqana.
    88 | D        | Found a viscous altar of Jiyva.
    89 | D        | Found an ancient bone altar of Kikubaaqudgha.
    90 | D        | Found a corrupted altar of Lugonu.
    91 | D        | Found a burning altar of Makhleb.
    92 | D        | Found a sparkling altar of Nemelex Xobeh.
    93 | D        | Found an iron altar of Okawaru.
    94 | D        | Found a stormy altar of Qazlal.
    95 | D        | Found a sacrificial altar of Ru.
    96 | D        | Found a shimmering blue altar of Sif Muna.
    97 | D        | Found a bloodstained altar of Trog.
    98 | D        | Found a hide-covered altar of Uskayaw.
    99 | D        | Found a radiant altar of Vehumet.
   100 | D        | Found an ornate altar of the Wu Jian Council.
   101 | D        | Found a shimmering altar of Xom.
   102 | D        | Found a basalt altar of Yredelemnul.
   103 | D        | Found a glowing silver altar of Zin.
   104 | D        | Found a glowing golden altar of the Shining One.
   243 | D        | Noticed a wyvern
   243 | D        | Noticed a two-headed ogre
   243 | D        | Noticed a komodo dragon
   243 | D        | Noticed a troll
   243 | D        | Noticed a shadow
   243 | D        | Noticed a shadow
   247 | D        | Killed a wyvern
   248 | D        | Reached skill level 7 in Polearms
   248 | D        | Reached skill level 5 in Dodging
   248 | D        | Reached XP level 4. HP: 47/47 MP: 4/4
   248 | D        | Reached XP level 5. HP: 52/52 MP: 5/5
   253 | D        | Killed a two-headed ogre
   253 | D        | Reached **** piety under Trog
   254 | D        | Reached skill level 10 in Fighting
   254 | D        | Reached skill level 11 in Polearms
   254 | D        | Reached skill level 1 in Stealth
   254 | D        | Reached XP level 6. HP: 67/67 MP: 6/6
   254 | D        | Your scales start taking on a golden yellow colour.
   254 | D        | Reached XP level 7. HP: 73/73 MP: 7/7
   254 | D        | Gained mutation: You are resistant to acid. (rCorr) [Yellow
                  | Draconian growth]
   256 | D        | Killed a komodo dragon
   257 | D        | Reached XP level 8. HP: 64/82 MP: 8/8
   261 | D        | Killed a troll
   262 | D        | Reached skill level 12 in Polearms
   263 | D        | Mangled by a shadow

Illustrated notes

Levels and vault maps discovered:
D:        linesprint [early_d, line_temple, items_1, d_10, items_2, lair_1,
          lair_end, items_3, orc_1, orc_end, items_4, d_15, swamp_1, shoals_1,
          snake_1, spider_1, d_20, vaults_1, items_5, swamp_end, shoals_end,
          snake_end, spider_end, vaults_end, d_27, items_6, zot_1, zot_end,
          crypt_end, forest_end, elf_end, slime_end, tomb_end, abyss_end,
          pan_hell_end]

Skill      XL: |  1  2  3  4  5  6  7  8 |
---------------+-------------------------+-----
Dodging        | 3 4 5 8 9 |  9.0
Fighting       | 4 5 7 10 11 | 11.8
Polearms       | 4 7 11 12 | 12.2
Stealth        | 1 |  1.3

Action                   |  1- 3 |  4- 6 |  7- 9 || total
-------------------------+-------+-------+-------++-------
Melee: Spear             |    33 |       |       ||    33
       Tailslap          |     3 |     2 |       ||     5
       Punch             |     1 |       |       ||     1
       Halberd           |     3 |     6 |     8 ||    17
Invok: Berserk           |     2 |       |       ||     2
 Abil: Breathe Acid      |       |       |     1 ||     1
Armor: Skin              |     6 |       |       ||     6
Dodge: Dodged            |    14 |     3 |     2 ||    19

Table legend: (Time is in decaauts)
 A = Elapsed time spent in this place.
 B = Non-inter-level travel time spent in this place.
 C = Inter-level travel time spent in this place.
 D = Time resting spent in this place.
 E = Time spent auto-exploring this place.
 F = Levels seen in this place.
 G = Mean time per level.
                   A        B        C        D        E       F      G
               +--------+--------+--------+--------+--------+-----+--------+
         Total |    260 |    260 |      0 |    135 |      3 |   1 |  260.0 |
       Dungeon |    260 |    260 |      0 |    135 |      3 |   1 |  260.0 |
               +--------+--------+--------+--------+--------+-----+--------+

Top non-repeatable levels by time:
       D: 260 daAuts
